[Event "*** SCC Grand Prix: Titled Tuesday Blitz"]
[Site "Chess.com"]
[Date "2020.06.02"]
[Round "1"]
[White "woodhy"]
[Black "LiamVrolijk"]
[Result "1-0"]
[WhiteElo "2438"]
[BlackElo "2843"]
[TimeControl "180+1"]
[EndTime "10:07:11 PDT"]
[Termination "woodhy won on time"]

1. e4 e5 2. Nf3 Nc6 3. Bb5 a6 4. Bxc6 dxc6 5. O-O Bd6 6. c3 c5 7. Qe2 Qe7 8. Na3 Nf6 9. Re1 Bg4 10. Nc2 Nd7 11. Ne3 Be6 12. d4 cxd4 13. cxd4 exd4 14. Nxd4 O-O 15. Nef5 Bxf5 16. Nxf5 Qf6 17. Qg4 Ne5 18. Qg3 Nc4 19. Nxd6 Qxd6 20. Bf4 Qe6 21. b3 Na3 22. Rac1 Nb5 23. Bxc7 Rfc8 24. Be5 f6 25. Bb2 Rxc1 26. Rxc1 Rd8 27. Qe3 Nd6 28. f3 Nf7 29. h3 h6 30.
Kh1 Qd6 31. Qc3 Qd2 32. Rc2 Qd1+ 33. Kh2 Qd6+ 34. Kh1 Qf4 35. Rc1 Rd2 36. Rg1 Re2 37.
a4 Ne5 38. Qc8+ Kh7 39. Bxe5 Qxe5 40. Qxb7 a5 41. Qb5 1-0

[Event "*** SCC Grand Prix: Titled Tuesday Blitz"]
[Site "Chess.com"]
[Date "2020.06.02"]
[Round "1"]
[White "temus_galaktionov"]
[Black "El_ultimo_Pablo"]
[Result "1-0"]
[WhiteElo "2722"]
[BlackElo "2364"]
[TimeControl "180+1"]
[EndTime "10:07:11 PDT"]
[Termination "temus_galaktionov won by resignation"]

1. d4 Nf6 2. Nf3 g6 3. c4 Bg7 4.
Nc3 d6 5. e4 O-O 6. Be2 e5 7. O-O Nc6 8. d5 Ne7 9. Ne1 Nd7 10. f3 f5 11. g4 a5 12. Nd3 b6 13.
Be3 Nc5 14. Nxc5 bxc5 15. h4 f4 16. Bf2 Bd7 17. b3 Qb8 18. Rb1 Qb7 19. a3 Rfb8 20.
Qc2 Qc8 21. Rb2 h5 22. g5 Kf7 23. Rfb1 Bf8 24. Bf1 Qd8 25. b4 axb4 26. axb4 cxb4 27.
Rxb4 Rxb4 28. Rxb4 Rb8 29. Qb2 Rxb4 30. Qxb4 Nc8 31.
Qb7 Be7 32. Nb5 Bxb5 33. cxb5 Nb6 34. Bh3 Kg7 35. Be6 Kf8 36. Kg2 Kg7 37. Be1 Kf8 38. Kf1 Kg7 39. Ke2 Kf8 40. Bc3 Kg7 41. Kd3 Kf8 42. Kc2 Kg7 43. Kb3 Kf8 44. Kb4 Kg7 45.
Ka5 Nc4+ 46. Ka6 Kf8 47. Qc8 Qxc8+ 48. Bxc8 Bd8 49. Kb7 Ke7 50. Be6 Ke8 51. Bh3 Ke7 52.
Bf1 Ne3 53. Be2 Kd7 54. Ba5 Nc2 55. Bf1 Na3 56. Bh3+ Ke7 57. Kc6 Nc4 58. Bxc7 Bxc7 59. Kxc7 1-0

[Event "*** SCC Grand Prix: Titled Tuesday Blitz"]
[Site "Chess.com"]
[Date "2020.06.02"]
[Round "1"]
[White "CrazyMartian"]
[Black "vlad_Sid"]
[Result "0-1"]
[WhiteElo "2299"]
[BlackElo "2637"]
[TimeControl "180+1"]
[EndTime "10:07:11 PDT"]
[Termination "vlad_Sid won by resignation"]

1. d4 Nf6 2. c4 c5 3. d5 b5 4.
cxb5 a6 5. bxa6 g6 6. Nc3 Bg7 7.
e4 O-O 8. Nf3 Qa5 9. Bd2 Bxa6 10. Be2 e6 11. O-O Bxe2 12. Qxe2 Qa6 13. Qd1 exd5 14.
exd5 d6 15. Re1 Nbd7 16. Qc2 Nb6 17. b3 Nbxd5 18. Nxd5 Nxd5 19. Rab1 Qxa2 20. Qd3 Nb4 21. Bxb4 cxb4 22. Qxd6 Bc3 23. Red1 Kg7 24. h4 Rad8 25. Qe7 Rxd1+ 26. Rxd1 Qxb3 27. Rd7 Bf6 28. Qc5 Qb1+ 29. Kh2 b3 30. Rb7 b2 31. Ng5 Qe1 32. Qc6 b1=Q 33. Ne6+ Qxe6 34. Qxe6 Qxb7 0-1

[Event "*** SCC Grand Prix: Titled Tuesday Blitz"]
[Site "Chess.com"]
[Date "2020.06.02"]
[Round "1"]
[White "Eloist"]
[Black "viktorskliarov"]
[Result "0-1"]
[WhiteElo "2230"]
[BlackElo "2572"]
[TimeControl "180+1"]
[EndTime "10:07:11 PDT"]
[Termination "viktorskliarov won on time"]

1. e4 c5 2. Nf3 Nc6 3. Bb5 e6 4.
Bxc6 bxc6 5. d3 Ne7 6. Qe2 Ng6 7. h4 h5 8. e5 f6 9. Qe4 Kf7 10. Nc3 Rb8 11. b3 Rb4 12. Qe2 fxe5 13. a3 Rg4 14. Ng5+ Kg8 15. f3 Rd4 16. Be3 Nf4 17. Qf1 Be7 18. Bxd4 cxd4 19. Ne2 Nd5 20. Qf2 Ne3 21. Kd2 d5 22. f4 e4 23. dxe4 Bxg5 24. fxg5 dxe4 25.
Qf4 Qa5+ 26. b4 Qd5 27. Ng3 Nc4+ 28. Kc1 e3 29. Rd1 e5 30. Qe4 Bg4 31. Qxd5+ cxd5 32. Rf1 e2 33. Re1 Kh7 0-1

[Event "*** SCC Grand Prix: Titled Tuesday Blitz"]
[Site "Chess.com"]
[Date "2020.06.02"]
[Round "1"]
[White "Cecile-Haussernot"]
[Black "hanzo_hasashi1"]
[Result "0-1"]
[WhiteElo "2355"]
[BlackElo "2721"]
[TimeControl "180+1"]
[EndTime "10:07:12 PDT"]
[Termination "hanzo_hasashi1 won by resignation"]

1. e4 e5 2. Nf3 Nc6 3. Bb5 Nf6 4. d3 Bc5 5. O-O Nd4 6. Nxd4 Bxd4 7. c3 Bb6 8. d4 c6 9. dxe5 Nxe4 10. Bd3 d5 11.
exd6 Nxd6 12. Bf4 Be6 13. Re1 Qf6 14. Bxd6 Qxf2+ 15. Kh1 O-O-O 16. Bg3 Qxb2 17. Qf3 Rxd3 18. Qxd3 Rd8 19. Qe4 Qxa1 20. Qe5 Qxa2 21. Qb8+ Kd7 22. Qxb7+ Ke8 23. Qxc6+ Kf8 24. Bc7 Bxc7 25. Qxc7 Re8 26. Qd6+ Kg8 27. Nd2 Qa5 28. Qc6 Rd8 29. Nf3 Qa3 30.
Nd4 Rc8 31. Qxc8+ Bxc8 32. Re8+ Qf8 33. Rxf8+ Kxf8 34. Nb5 a5 35. Kg1 Ke7 36. Kf2 Ke6 37. Ke3 Kd5 38. Kd3 Ba6 39. c4+ Kc5 0-1

[Event "*** SCC Grand Prix: Titled Tuesday Blitz"]
[Site "Chess.com"]
[Date "2020.06.02"]
[Round "1"]
[White "tsaruk_maks"]
[Black "Nara_Kh"]
[Result "1-0"]
[WhiteElo "2646"]
[BlackElo "2313"]
[TimeControl "180+1"]
[EndTime "10:07:12 PDT"]
[Termination "tsaruk_maks won by resignation"]

1. e4 d6 2. d4 Nf6 3. Nc3 g6 4. Be3 c6 5. Qd2 b5 6. a3 Nbd7 7. f3 e5 8. O-O-O Bg7 9. d5 cxd5 10. Nxb5 d4 11. Nxd6+ Ke7 12. Qb4 Nc5 13. Qxc5 Qxd6 14. Qxd6+ Kxd6 15. f4 Ke7 16. fxe5 dxe3 17. exf6+ Bxf6 18. Nf3 Bb7 19. Bd3 e2 20. Rde1 Rac8 21. Rxe2 Rhd8 22.
Rd1 h5 23. c3 Bg7 24. Kc2 Bc6 25. Rdd2 Ba4+ 26. Kb1 Rb8 27. Bc2 Bxc3 28. Bxa4 Bxd2 29.
Rxd2 Rxd2 30. Nxd2 Kd6 31. Bb3 Rb7 32. Bd5 Rc7 33.
Nc4+ Kc5 34. Ne5 Kd4 35. Nxf7 Re7 36. Ka2 a5 37. Kb3 h4 38. Ka4 Ke3 39. e5 Kf2 40. e6 Kg1 41. h3 Kf2 42. Ne5 g5 43. Nc6 Rc7 44. e7 Rc8 45. Bf7 Kxg2 46. e8=Q Rxe8 47. Bxe8 Kxh3 48. Kxa5 g4 49. Bd7 Kg3 50. Ne5 h3 51. Nxg4 1-0

[Event "*** SCC Grand Prix: Titled Tuesday Blitz"]
[Site "Chess.com"]
[Date "2020.06.02"]
[Round "1"]
[White "nonsopolo1"]
[Black "Munkhzul_Turmunkh"]
[Result "0-1"]
[WhiteElo "2242"]
[BlackElo "2581"]
[TimeControl "180+1"]
[EndTime "10:07:12 PDT"]
[Termination "Munkhzul_Turmunkh won by resignation"]

1. e4 c5 2. Nf3 d6 3. d4 cxd4 4. Nxd4 Nf6 5. Nc3 a6 6. Bg5 e6 7.
f4 Qb6 8. Nb3 Be7 9. Qf3 Nbd7 10. O-O-O Qc7 11. g4 b5 12. a3 Bb7 13. Bg2 Rc8 14.
Rhe1 h6 15. Bxf6 Bxf6 16. Rd3 O-O 17. Qd1 Nc5 18. Nxc5 dxc5 19. Rd7 Qxf4+ 20. Kb1 Rfd8 21. Rf1 Qb8 22. Rxd8+ Rxd8 23. Qe1 Qe5 24. h4 b4 25.
axb4 cxb4 26. Na4 Bc6 27. Rxf6 gxf6 28. Qxb4 Rb8 29. Qc3 Bxa4 0-1

[Event "*** SCC Grand Prix: Titled Tuesday Blitz"]
[Site "Chess.com"]
[Date "2020.06.02"]
[Round "1"]
[White "doons21"]
[Black "Storchnoi"]
[Result "1-0"]
[WhiteElo "2485"]
[BlackElo "2033"]
[TimeControl "180+1"]
[EndTime "10:07:12 PDT"]
[Termination "doons21 won by resignation"]

1. e4 c5 2. c3 d5 3. exd5 Qxd5 4. d4 Nc6 5. Nf3 Bg4 6. Be2 cxd4 7. cxd4 e6 8. O-O Nf6 9. Nc3 Qa5 10. Qb3 Qb4 11.
Be3 Be7 12. Ne5 Qxb3 13. axb3 Bxe2 14. Nxe2 Nb4 15. Rfc1 Nbd5 16. Rc4 O-O 17. Rac1 Rfd8 18. h3 a6 19. g4 h6 20. Kg2 Bd6 21. Kf3 Nxe3 22. Kxe3 Nd5+ 23. Ke4 f6 24. Nd3 g6 25. Nc3 f5+ 26. gxf5 gxf5+ 27. Kf3 Nf6 28. b4 Rd7 29.
b5 axb5 30. Nxb5 Rad8 31. Rc8 Bf8 32. Rxd8 Rxd8 33. Rc7 b6 34. Rc6 Nd5 35. Rxe6 Kf7 36. Rc6 Be7 37. Ne5+ Kg8 38. Rxh6 Nf6 39. Rg6+ Kh7 40.
Ke3 Rd5 41. Nc3 Rxe5+ 42. dxe5 Kxg6 43. exf6 Kxf6 44. Nd5+ Ke5 45. Nxe7 b5 46. f4+ 1-0

[Event "*** SCC Grand Prix: Titled Tuesday Blitz"]
[Site "Chess.com"]
[Date "2020.06.02"]
[Round "1"]
[White "Meri-Arabidze"]
[Black "Vandros57"]
[Result "1/2-1/2"]
[WhiteElo "2570"]
[BlackElo "2258"]
[TimeControl "180+1"]
[EndTime "10:07:13 PDT"]
[Termination "Game drawn by agreement"]

1. d4 Nf6 2. c4 e6 3. Nf3 Bb4+ 4. Bd2 Bxd2+ 5. Qxd2 O-O 6. Nc3 d5 7. g3 Nbd7 8. Bg2 b6 9. O-O Bb7 10. cxd5 Nxd5 11.
Rac1 Rc8 12. Rfd1 Qe7 13. Nxd5 Bxd5 14. b3 c5 15. dxc5 Nxc5 16. Qf4 g6 17. Ne5 Bxg2 18. Kxg2 Qb7+ 19. Qf3 Qxf3+ 20. exf3 Kg7 21. f4 h5 22. h4 Rfd8 23. b4 Ne4 24. Rxc8 Rxc8 25. Rd7 Rc2 26.
Rxf7+ Kg8 27. Rxa7 Rxf2+ 28. Kg1 Rd2 29. Ra3 Nf2 30.
Nxg6 Kf7 31. Ne5+ Kf6 32. b5 Kf5 33. Rf3 Ne4 34. a4 Ra2 35. Re3 Rxa4 36. Nd7 Rb4 37. Nxb6 Rxb5 38. Nc4 Rb1+ 39. Kg2 Rc1 40. Ne5 Rc2+ 41.
Kf1 Rc1+ 42. Ke2 Rc2+ 43. Kd1 Rd2+ 44. Ke1 Rg2 45. Nc6 Rxg3 1/2-1/2

[Event "*** SCC Grand Prix: Titled Tuesday Blitz"]
[Site "Chess.com"]
[Date "2020.06.02"]
[Round "1"]
[White "MuradNuri"]
[Black "FairChess_on_YouTube"]
[Result "0-1"]
[WhiteElo "2450"]
[BlackElo "3012"]
[TimeControl "180+1"]
[EndTime "10:07:14 PDT"]
[Termination "FairChess_on_YouTube won on time"]

1. d4 Nf6 2. c4 e6 3. Nf3 d5 4. g3 dxc4 5. Bg2 c6 6. O-O b5 7. a4 Bb7 8. Ne5 a6 9. b3 cxb3 10. Bb2 Nfd7 11. Qxb3 Nxe5 12. dxe5 Be7 13. Nc3 Nd7 14.
Rfd1 O-O 15. Ne4 Qc7 16. Nd6 Nc5 17. Qc2 Nxa4 18. Rxa4 bxa4 19. Be4 h6 20. Ba3 Rab8 21. Qxa4 Ba8 22. Bc5 Rb5 23. Qa3 Rd8 24. Rc1 Rxc5 25. Qxc5 Bxd6 26. exd6 Qxd6 27. Qa7 Qd4 28. Qc7 a5 29. Bd3 a4 30. Rc4 Qa1+ 31. Kg2 c5+ 32. f3 Rxd3 33. Qc8+ Kh7 34. exd3 Qa2+ 35. Kh3 Bxf3 0-1

[Event "*** SCC Grand Prix: Titled Tuesday Blitz"]
[Site "Chess.com"]
[Date "2020.06.02"]
[Round "1"]
[White "FightingChess"]
[Black "Kirill_Klukin"]
[Result "0-1"]
[WhiteElo "2357"]
[BlackElo "2715"]
[TimeControl "180+1"]
[EndTime "10:07:14 PDT"]
[Termination "Kirill_Klukin won by resignation"]

1. e4 c5 2. c3 Nf6 3. e5 Nd5 4.
Nf3 Nc6 5. Bc4 e6 6. d4 cxd4 7. cxd4 d6 8. O-O Be7 9. Qe2 O-O 10. Nc3 Nxc3 11. bxc3 dxe5 12. dxe5 Qc7 13. Qe4 Rd8 14. Bd3 g6 15. h4 Bd7 16. Re1 Be8 17. Bg5 Bxg5 18.
hxg5 Rd5 19. Bc2 Rad8 20. Qf4 Qa5 21. Bb3 Rc5 22. c4 Qc3 23. Rac1 Qb2 24. Rb1 Qc3 25. Rec1 Qa5 26. Re1 Nb4 27. Nh2 Nd3 28. Qf6 Rxe5 29. Rxe5 Nxe5 30. f4 Nd7 31. Qb2 Qc5+ 32. Kh1 Qf5 33. Qf2 Qxb1+ 34. Nf1 e5 35. f5 Qxf5 0-1

[Event "*** SCC Grand Prix: Titled Tuesday Blitz"]
[Site "Chess.com"]
[Date "2020.06.02"]
[Round "1"]
[White "sorrm8thatscheckm8"]
[Black "A-Fier"]
[Result "0-1"]
[WhiteElo "2379"]
[BlackElo "2735"]
[TimeControl "180+1"]
[EndTime "10:07:15 PDT"]
[Termination "A-Fier won on time"]

1. d4 Nf6 2. c4 e6 3. Nf3 b6 4.
a3 Ba6 5. Qc2 c5 6. d5 exd5 7.
cxd5 g6 8. Nc3 Bg7 9. g3 O-O 10. Bg2 d6 11. O-O Re8 12. Re1 Nbd7 13. Bf4 Qc7 14. Rac1 b5 15. b4 Nh5 16. Be3 Rxe3 17.
fxe3 Re8 18. e4 Nhf6 19. Qb1 Ng4 20. Nd1 Nge5 21. Nf2 c4 22. Nd4 Qb6 23. e3 Bb7 24. h3 a6 25. Qc2 a5 26. Rcd1 Ra8 27. h4 h5 28. Nh3 Nd3 29. Rxd3 cxd3 30. Qxd3 axb4 31.
axb4 Ne5 32. Qxb5 Qc7 33. Nf4 Ra2 34. Qf1 Qc3 35. Nb5 Qxb4 36. Rb1 Qc5 37. Nd4 Ba6 38. Qc1 Ng4 39. Qxc5 dxc5 40. Nc6 Nxe3 41. Rb8+ Kh7 42. Nd8 Bd4 43. Kh1 Ra1+ 44. Kh2 Ng4+ 45. Kh3 Bg1 0-1

[Event "*** SCC Grand Prix: Titled Tuesday Blitz"]
[Site "Chess.com"]
[Date "2020.06.02"]
[Round "1"]
[White "gm_rashid"]
[Black "Dedic8"]
[Result "0-1"]
[WhiteElo "2366"]
[BlackElo "2723"]
[TimeControl "180+1"]
[EndTime "10:07:15 PDT"]
[Termination "Dedic8 won on time"]

1. e4 e5 2. Nf3 Nc6 3. Bc4 Nf6 4. d3 Bc5 5. Nc3 h6 6. Be3 Bxe3 7. fxe3 d6 8. O-O Be6 9. Nd5 Bxd5 10. exd5 Ne7 11.
e4 c6 12. dxc6 bxc6 13. Kh1 Ng6 14. c3 O-O 15. Bb3 d5 16. Qe1 Qc7 17. Rd1 a5 18.
Nh4 a4 19. Nxg6 fxg6 20. Bc2 Kh7 21. d4 dxe4 22. Bxe4 a3 23. bxa3 exd4 24. Rxd4 Nxe4 25. Rxf8 Rxf8 26. Rxe4 Qa5 27. h3 Qxa3 28. Re6 Qc5 29.
Qe4 Rf1+ 30. Kh2 Qg1+ 31. Kg3 Rf5 32. h4 c5 33. Qg4 Qf2+ 34. Kh2 g5 35. h5 Rf4 0-1

[Event "*** SCC Grand Prix: Titled Tuesday Blitz"]
[Site "Chess.com"]
[Date "2020.06.02"]
[Round "1"]
[White "Mimsychess"]
[Black "vaishali2001"]
[Result "0-1"]
[WhiteElo "2256"]
[BlackElo "2596"]
[TimeControl "180+1"]
[EndTime "10:07:15 PDT"]
[Termination "vaishali2001 won by resignation"]

1. e4 e5 2. Nf3 Nc6 3. Bc4 Nf6 4.
d4 exd4 5. e5 Ne4 6. O-O d5 7.
exd6 Nxd6 8. Bd5 Be7 9. Nxd4 Nxd4 10. Qxd4 O-O 11. Nc3 Bf6 12. Qf4 Re8 13. Be3 Bf5 14.
Rad1 Bxc2 15. Rd2 Bg6 16. Bb3 Be5 17. Qf3 Qh4 18. g3 Qh3 19. Qg2 Qxg2+ 20. Kxg2 Ne4 21. Nxe4 Bxe4+ 22. f3 Bc6 23. Bd4 Bd6 24. Rff2 a5 25. a3 a4 26. Ba2 Re1 27. Rfe2 Re8 28. Rxe8+ Rxe8 29. Bc3 Re3 30. Bd5 Bxd5 31. Rxd5 Re2+ 32. Kh3 f6 33. Ra5 Kf7 34. Rxa4 Bc5 35. Rc4 Bg1 36. Rxc7+ Kg6 37. g4 Bxh2 38. Rd7 Bf4 39. g5 Kh5 0-1

[Event "*** SCC Grand Prix: Titled Tuesday Blitz"]
[Site "Chess.com"]
[Date "2020.06.02"]
[Round "1"]
[White "Witik"]
[Black "AlanZhang"]
[Result "1-0"]
[WhiteElo "2585"]
[BlackElo "2247"]
[TimeControl "180+1"]
[EndTime "10:07:15 PDT"]
[Termination "Witik won on time"]

1. d4 Nf6 2. c4 e6 3. Nf3 d5 4.
Nc3 Be7 5. Bf4 O-O 6. e3 c5 7.
dxc5 Bxc5 8. Qc2 Nc6 9. a3 Re8 10. Rd1 Be7 11. Be2 h6 12. O-O b6 13. Nb5 Bb7 14.
Nc7 Rc8 15. Nxe8 Qxe8 16. Qa4 a6 17. cxd5 Nxd5 18. Bg3 b5 19. Qb3 Bf6 20. e4 Na5 21. Qd3 Nb6 22. Be5 Bxe5 23. Nxe5 Nbc4 24. Nxc4 Nxc4 25.
Rb1 Rd8 26. Qc3 Nd2 27. f3 Nxb1 28. Rxb1 Qc6 29. Qe3 Rc8 30. Rd1 Qc2 31. Rd2 1-0

[Event "*** SCC Grand Prix: Titled Tuesday Blitz"]
[Site "Chess.com"]
[Date "2020.06.02"]
[Round "1"]
[White "BJthechessgod"]
[Black "Philosopherrr"]
[Result "0-1"]
[WhiteElo "2052"]
[BlackElo "2494"]
[TimeControl "180+1"]
[EndTime "10:07:15 PDT"]
[Termination "Philosopherrr won on time"]

1. e4 e5 2. Nf3 Nc6 3. Bc4 Bc5 4. c3 Nf6 5. d3 d6 6. Nbd2 O-O 7. O-O a5 8. a4 h6 9. Qb3 Qe7 10. h3 Kh8 11.
Rd1 Nh5 12. Nf1 Qf6 13. Be3 Rb8 14. Bxc5 dxc5 15. Ne3 Nf4 16. Nd5 Nxd5 17. Bxd5 Bxh3 18. Bxc6 bxc6 19. Qc4 Rxb2 20. Qxc5 Re8 21. Rab1 Ra2 22. Rb7 Bg4 23. Qe3 Rxa4 24. Rxc7 Ra2 25. Rb1 Rd8 26.
Rbb7 Bxf3 27. Qxf3 Ra1+ 28. Kh2 Qh4+ 29. Qh3 Qxf2 30. Rxf7 Qg1+ 31. Kg3 Rxd3+ 32. Rf3 Rxf3+ 33. Kxf3 Rf1+ 34. Kg3 Qe3+ 35. Kh2 Qf4+ 36. g3 Rf2+ 37. Kg1 Qe3 38. Rb8+ Rf8+ 0-1

[Event "*** SCC Grand Prix: Titled Tuesday Blitz"]
[Site "Chess.com"]
[Date "2020.06.02"]
[Round "1"]
[White "Fighter008"]
[Black "secretsuperstar7"]
[Result "1-0"]
[WhiteElo "2562"]
[BlackElo "2218"]
[TimeControl "180+1"]
[EndTime "10:07:16 PDT"]
[Termination "Fighter008 won by resignation"]

1. e4 c5 2. Nf3 d6 3. d4 cxd4 4. Nxd4 Nf6 5. Nc3 Nc6 6. f3 e5 7.
Nb3 Be6 8. Be3 d5 9. exd5 Nxd5 10. Nxd5 Bxd5 11. Be2 Be7 12. O-O O-O 13. Qe1 Nb4 14.
Qb1 Rc8 15. c3 Nc6 16. Rd1 Na5 17. Nxa5 Qxa5 18. b4 Qd8 19. c4 Bg5 20. Bf2 Bxc4 21. Bxc4 Rxc4 22. Rxd8 Rxd8 23. Qb3 b5 24. Be3 Bf6 25.
Rd1 Rdc8 26. Bc5 a5 27. a3 h6 28. Qd3 axb4 29. axb4 Ra8 30. Qb3 Ra4 31. h3 Kh7 32.
Qd3+ g6 33. Qd7 Kg7 34. Qxb5 1-0

[Event "*** SCC Grand Prix: Titled Tuesday Blitz"]
[Site "Chess.com"]
[Date "2020.06.02"]
[Round "1"]
[White "DariaVoit"]
[Black "GoValya"]
[Result "1-0"]
[WhiteElo "2531"]
[BlackElo "2168"]
[TimeControl "180+1"]
[EndTime "10:07:16 PDT"]
[Termination "DariaVoit won by resignation"]

1. d4 g6 2. e4 Bg7 3. Nc3 c5 4.
dxc5 Qa5 5. Ne2 Nf6 6. Ng3 h5 7. Bd3 h4 8. Ne2 Qxc5 9. Be3 Qc7 10. h3 a6 11. Nd4 Nc6 12. Nf3 b5 13. O-O Bb7 14.
Bg5 b4 15. Na4 Qa5 16. c3 bxc3 17. Nxc3 Ne5 18. Nxe5 Qxe5 19. Qd2 Rc8 20. Rfe1 Rh5 21. Bf4 Qd4 22. Rad1 Kf8 23. Be3 Qe5 24. Bf4 Qd4 25. Qe2 Qb4 26. a3 Qb6 27. Na4 Qe6 28. b4 Kg8 29. Nc5 Qb6 30. Nxb7 Qxb7 31. Bxa6 Qc6 32.
Rc1 Qxe4 33. Rxc8+ Kh7 34. Qxe4 Nxe4 35. Rxe4 Rf5 36.
Be3 Rf6 37. Rxh4+ Bh6 38. Rxh6+ Kg7 39. Bd4 1-0

[Event "*** SCC Grand Prix: Titled Tuesday Blitz"]
[Site "Chess.com"]
[Date "2020.06.02"]
[Round "1"]
[White "chenxiaoyuer"]
[Black "GjakanTati"]
[Result "1-0"]
[WhiteElo "2304"]
[BlackElo "2610"]
[TimeControl "180+1"]
[EndTime "10:07:17 PDT"]
[Termination "chenxiaoyuer won by resignation"]

1. e4 e6 2. d4 d5 3. Nd2 c5 4. Ngf3 cxd4 5. Nxd4 e5 6. N4f3 Nc6 7. exd5 Qxd5 8.
Bc4 Qa5 9. O-O Bf5 10. Re1 O-O-O 11. Bxf7 Nh6 12. Bb3 e4 13. Ng5 Bg4 14. Be6+ Bxe6 15.
Nxe6 Rd6 16. Nxf8 Rxf8 17. c3 Qb6 18. Qe2 Re6 19. Nc4 Qc7 20. h3 Nf5 21. Ne3 Nce7 22. Nxf5 Nxf5 23. Be3 Rg6 24. Kh1 Nh4 25. Rg1 a6 26.
Rad1 Nf3 27. gxf3 Rxf3 28. Rxg6 Rxh3+ 29. Kg2 Rh2+ 30. Kg1 Rh4 31. Rg2 Qc6 32. Bg5 Rh3 33. Qg4+ Kb8 34. Qxh3 Qa4 35. Rf1 Qxa2 36. Qe3 Qxb2 37.
Qxe4 Qxc3 38. Rb1 1-0

[Event "*** SCC Grand Prix: Titled Tuesday Blitz"]
[Site "Chess.com"]
[Date "2020.06.02"]
[Round "1"]
[White "Oneofmyturns"]
[Black "alexsergeyev"]
[Result "0-1"]
[WhiteElo "2609"]
[BlackElo "2301"]
[TimeControl "180+1"]
[EndTime "10:07:17 PDT"]
[Termination "alexsergeyev won by resignation"]

1. d4 d5 2. c4 c6 3. Nf3 Nf6 4. e3 g6 5. h3 Bg7 6. Bd3 O-O 7. O-O b6 8. b3 Bb7 9. Bb2 Nbd7 10. Nbd2 c5 11.
Qe2 cxd4 12. exd4 e6 13. a4 a5 14. Rfd1 Rc8 15. Rac1 Qe7 16. Ne5 Rfd8 17. Nxd7 Rxd7 18. c5 bxc5 19. dxc5 Rdc7 20. Ba3 e5 21. Bb5 Bc6 22. Nb1 d4 23. Nd2 Nd5 24. Re1 Nc3 25. Qd3 e4 26. Qf1 e3 27. fxe3 dxe3 28. Nf3 Bxb5 29. axb5 e2 30. Qf2 Nxb5 31. Rxe2 Qd7 32. Rd2 Qf5 33. Bb2 Bxb2 34. Rxb2 Rxc5 35. Rxc5 Qxc5 36. Ra2 Nc3 37. Qxc5 Rxc5 38. Rc2 Ne4 39. Ra2 f5 40.
Rd2 Nxd2 0-1

[Event "*** SCC Grand Prix: Titled Tuesday Blitz"]
[Site "Chess.com"]
[Date "2020.06.02"]
[Round "1"]
[White "mfwagnerpeixoto"]
[Black "GmSergioBarrientos"]
[Result "0-1"]
[WhiteElo "2279"]
[BlackElo "2618"]
[TimeControl "180+1"]
[EndTime "10:07:17 PDT"]
[Termination "GmSergioBarrientos won on time"]

1. e4 c5 2. Nf3 e6 3. d4 cxd4 4. Nxd4 a6 5. Nc3 b5 6. Bd3 Bb7 7. O-O Nc6 8. Nxc6 Bxc6 9. Qe2 Ne7 10. Be3 Ng6 11. f4 Qb8 12. f5 Ne5 13. Kh1 Be7 14. Bf4 O-O 15. Qh5 f6 16. Rf3 Qe8 17. Qxe8 Rfxe8 18. Bxe5 fxe5 19. fxe6 dxe6 20. a3 Rab8 21. Raf1 Bc5 22.
Ne2 a5 23. Ng3 a4 24. h3 b4 25. axb4 Rxb4 26. b3 a3 27. Bc4 a2 28. Ra1 h5 29.
Rxa2 h4 30. Nf1 Bxe4 31. Rc3 Bd4 32. Rd3 Bxd3 33. cxd3 Kh7 34. Nd2 Rbb8 35. Nf3 Ra8 36. Re2 Ra1+ 37. Kh2 g5 38. Nxg5+ Kh6 39. Nf3 Kh5 40.
Nxd4 exd4 41. Bxe6 Rf8 42. Bg4+ Kg5 43. Re5+ Kg6 44.
Bf3 Rf4 45. b4 Rb1 46. b5 Rb2 47. Kh1 Kf6 48. Rc5 Rf5 49. Rc6+ Kg5 50. b6 Rfb5 51. Rd6 R2b4 52. b7 Kf4 53. Re6 Kg3 54. Rg6+ Kf2 0-1

[Event "*** SCC Grand Prix: Titled Tuesday Blitz"]
[Site "Chess.com"]
[Date "2020.06.02"]
[Round "1"]
[White "GM_dmitrij"]
[Black "PlotnikovPavel"]
[Result "1-0"]
[WhiteElo "2944"]
[BlackElo "2443"]
[TimeControl "180+1"]
[EndTime "10:07:18 PDT"]
[Termination "GM_dmitrij won on time"]

1. e4 e6 2. d4 d5 3. Nd2 Be7 4. Bd3 dxe4 5. Nxe4 Nf6 6. Nf3 O-O 7. c3 Nbd7 8. O-O b6 9. Qe2 Bb7 10. Nxf6+ Nxf6 11.
Bg5 c5 12. dxc5 bxc5 13. Rad1 Qb6 14. Ne5 Rfd8 15. Rd2 h6 16. Bh4 Rd5 17. Rfd1 Rad8 18. Bg3 a5 19. Nc4 Qa7 20. Ne3 R5d7 21. h3 Be4 22. Bb5 Rxd2 23. Rxd2 Rxd2 24. Qxd2 Qb7 25. a4 Nd5 26. Nc4 Bxg2 27. Nxa5 Qa8 28. Nc6 Bxh3 29. c4 Bf6 30. cxd5 exd5 31. Qxd5 Qe8 32. Ne5 Qc8 33. Qxf7+ Kh8 34. Ng6+ Kh7 35. Bd3 Bf5 36. Nf8+ Kh8 37. Ng6+ Kh7 38. Ne7 1-0

[Event "*** SCC Grand Prix: Titled Tuesday Blitz"]
[Site "Chess.com"]
[Date "2020.06.02"]
[Round "1"]
[White "KaterinaMiroshnik"]
[Black "Sam_ChessMood"]
[Result "1/2-1/2"]
[WhiteElo "2429"]
[BlackElo "2844"]
[TimeControl "180+1"]
[EndTime "10:07:18 PDT"]
[Termination "Game drawn by repetition"]

1. d3 d5 2. Nd2 Nf6 3. Ngf3 c5 4. e4 Nc6 5. Be2 g6 6. O-O Bg7 7. c3 O-O 8. Qc2 e5 9. Re1 Re8 10. Bf1 h6 11. b3 b6 12. Bb2 Bb7 13. Rad1 Qc7 14.
a4 Rad8 15. g3 Qb8 16. Bg2 d4 17. c4 Nb4 18. Qb1 a6 19. Rf1 Bc6 20. Rc1 h5 21.
Ng5 Bh6 22. h4 Nh7 23. f4 f6 24. Nh3 Bd7 25. Rce1 Bxh3 26. Bxh3 exf4 27. g4 hxg4 28. Bxg4 f5 29. exf5 Nf6 30. Bh3 Re3 31. Rf3 Rde8 32. Ref1 g5 33. hxg5 Bxg5 34. Kh1 Kf7 35. Ne4 Nxe4 36.
dxe4 Rh8 37. Kg2 Qe5 38. Rxe3 fxe3 39. f6 Bxf6 40. Rf5 Rg8+ 41. Kh1 Qg3 42. Qf1 Qh4 43. e5 Qe4+ 44. Kh2 Qc2+ 45. Kh1 Qe4+ 46. Kh2 Qc2+ 47. Kh1 Qe4+ 1/2-1/2

[Event "*** SCC Grand Prix: Titled Tuesday Blitz"]
[Site "Chess.com"]
[Date "2020.06.02"]
[Round "1"]
[White "CroissantNeuf"]
[Black "Evgeny81"]
[Result "0-1"]
[WhiteElo "2363"]
[BlackElo "2721"]
[TimeControl "180+1"]
[EndTime "10:07:18 PDT"]
[Termination "Evgeny81 won by checkmate"]

1. e4 e5 2. Nf3 Nc6 3. d4 exd4 4. Nxd4 Qf6 5. Nxc6 Bc5 6. Qf3 bxc6 7. Nc3 Qxf3 8. gxf3 d6 9. b3 Bd4 10. Bb2 Ne7 11. Rd1 Be5 12. Bc4 O-O 13. Na4 Bxb2 14. Nxb2 Kh8 15. f4 f5 16. e5 d5 17. Be2 Ng6 18.
Nd3 Ba6 19. Nb4 Bxe2 20. Kxe2 Nxf4+ 21. Ke3 Ne6 22. f4 d4+ 23. Kf3 c5 24. Nd3 a5 25. a4 g5 26. fxg5 Nxg5+ 27. Kf4 Ne6+ 28. Kf3 Rg8 29. Rhg1 Ng5+ 30. Ke2 Ne4 31. Rdf1 Rg6 32. Nf4 Rh6 33. Rg2 Rg8 34. Rxg8+ Kxg8 35. Rg1+ Kf7 36. Rg2 c6 37. Kd3 Rh4 38. Ne2 Ke6 39. Rg7 Kxe5 40.
Re7+ Kd6 41. Rf7 Rh3+ 42. Kc4 Nd2# 0-1

[Event "*** SCC Grand Prix: Titled Tuesday Blitz"]
[Site "Chess.com"]
[Date "2020.06.02"]
[Round "1"]
[White "BelaKis"]
[Black "GelmanAlexander"]
[Result "0-1"]
[WhiteElo "2200"]
[BlackElo "2550"]
[TimeControl "180+1"]
[EndTime "10:07:18 PDT"]
[Termination "GelmanAlexander won by resignation"]

1. Nf3 c5 2. g3 Nf6 3. Bg2 e6 4. O-O Be7 5. d3 O-O 6. a3 Nc6 7. Nbd2 d6 8. c4 Rb8 9. Rb1 a6 10. b4 b5 11. bxc5 dxc5 12. cxb5 axb5 13. Qc2 Ba6 14.
Bb2 Qc7 15. Rfc1 Rfc8 16. Nb3 c4 17. dxc4 bxc4 18. Nbd4 Nxd4 19. Nxd4 Nd5 20. e4 Nb6 21. a4 Nd7 22. Nb5 Bxb5 23. axb5 Rxb5 24. Bf1 Rb4 25. Bc3 Rxb1 26. Qxb1 Nc5 27. Bd4 Qd8 28. Rxc4 h6 29. Qc2 Qd6 30. e5 Qc7 31. Bg2 Qa5 32. h4 Rc7 33. Kh2 Na6 34. Rxc7 Qxc7 35. Qb2 Nb4 36. Qc3 Qxc3 37. Bxc3 Nd3 38. Be4 Nxf2 39. Kg2 Nxe4 0-1